Jess, neutral female human Valkyrie ---- ....| I <| Jess the Fighter Experience level: 6 Strength: 17 Dexterity: 12 Constitution: 18 Intelligence: 8 Wisdom: 9 Charisma: 9 Health: 0(59) Energy: 16(16) Def: 9 Gold: 293 Moves: 3870 Dungeon seed: HivUB3fCOXCoh4I4 Game ID: Jess_1527848278 Your Inventory: Coins $ - 293 gold pieces Amulets i - an uncursed amulet of ESP D - a cursed amulet of strangulation Weapons a - an uncursed +2 war hammer (weapon in hand) Armor e - an uncursed +3 small shield (being worn) n - an uncursed +0 pair of speed boots (being worn) q - an uncursed +0 pair of elven boots y - an uncursed +0 ring mail (being worn) z - an uncursed +0 orcish helm (being worn) N - an uncursed +0 orcish helm Comestibles d - an uncursed food ration g - 3 uncursed lichen corpses h - 2 uncursed melons t - an uncursed cram ration u - an uncursed tin of spinach F - an uncursed lizard corpse H - 2 uncursed tripe rations T - an uncursed lembas wafer Scrolls j - an uncursed scroll of light p - an uncursed scroll of remove curse w - an uncursed scroll of identify J - a blessed scroll of enchant armor M - an uncursed scroll of earth O - a blessed scroll of earth Potions x - 3 uncursed potions of hallucination E - an uncursed potion of sickness Rings G - a cursed ring of levitation K - an uncursed ring of fire resistance V - a cursed -1 ring of gain strength W - a cursed -1 ring of increase damage Wands c - an uncursed wand of cold (0:4) r - an uncursed wand of enlightenment (0:13) L - an uncursed wand of polymorph (0:2) S - an uncursed wand of striking (0:3) X - an uncursed wand of lightning (0:7) Tools f - an uncursed oil lamp (0:1446) R - an uncursed mirror Spells and supernatural/magical abilities: Name Level Category Fail Memory W - pray for help -- divine ? -- Your skills at the end: Miscellaneous Skills shield [Basic] wands [Basic] stealth [Basic] Weapon Skills dagger [Basic] hammer [Skilled] Spellcasting Skills Final Attributes: You were devoutly aligned. You were cold resistant. You were blinded. Your writing hand was ok. You were somewhat stealthy. You could fly. You were very fast. You were unlucky. You are dead. Vanquished creatures: a lizard 2 piranhas a dingo a jaguar a wood nymph an orc shaman a pony a fog cloud a violet fungus a kobold mummy an elf zombie a homunculus 2 quasits a kobold shaman an iguana 2 hill orcs a rothe 2 jitterbugs 2 giant bats a monkey 3 coyotes a gecko a hobgoblin 2 brown molds 2 yellow molds 2 red molds 3 gnomes 3 jackals a fox a kobold 4 newts 4 sewer rats 8 grid bugs 3 lichens 3 kobold zombies 66 creatures vanquished. Voluntary challenges: You did not adorn yourself with jewelry or accessories. You did not cause conflict. You were not invisible. You did not have reflection. You were not displaced. You were an atheist. You used a wielded weapon 94 times, starting on turn 2. You did not use tools. You did not use plumbed fixtures. You did not drink any magical draughts. You read items or engraved 5 times, starting on turn 951. You never genocided any monsters. You polymorphed 2 items, starting on turn 3746. You never changed form. You cheated in Sokoban 2 times, without finishing. You used no wishes. You never split a pudding. You never wrote Elbereth's name. You never violated your personal moral code. Dungeon overview: The Dungeons of Doom: levels 1 to 8 Level 1 a fountain a long staircase Level 2 Level 3 a fountain Level 4 a fountain Level 5 a potion shop, a fountain Level 6 many fountains Level 7 an altar to Loki, some fountains stairs to Sokoban Level 8 <- You were here Sokoban: levels 3 to 6 Level 3 a magic chest Level 4 Level 5 Level 6 a magic chest stairs to The Dungeons of Doom History has recorded: On T:1 you entered the Dungeons of Doom to retrieve the Amulet of Yendor! On T:418 you reached level 2 of The Dungeons of Doom. On T:592 you advanced to experience level 2. On T:696 you reached level 3 of The Dungeons of Doom. On T:767 you reached level 4 of The Dungeons of Doom. On T:901 you reached level 5 of The Dungeons of Doom. On T:926 you advanced to experience level 3. On T:1137 you reached level 6 of The Dungeons of Doom. On T:1268 you advanced to experience level 4. On T:1294 you advanced to experience level 5. On T:1368 you reached level 7 of The Dungeons of Doom. On T:1702 you reached level 4 of Sokoban. On T:1756 you opened a magic chest. On T:1833 you advanced to experience level 6. On T:2200 you reached level 3 of Sokoban. On T:2381 you reached level 2 of Sokoban. On T:3023 you reached level 1 of Sokoban. On T:3860 you reached level 8 of The Dungeons of Doom. Score breakdown: Gold: 293 ( 29 points) Experience: 6 levels ( 500 points) Exploration: 8 levels ( 210 points) Discoveries: 19 items ( 950 points) Variety of kills: 35 monsters ( 1750 points) Major goal: (nothing yet) ( 0 points) Survival: died (score multiplied by 3) Total score: 10317 Latest messages: You fly down along the stairs. (2x) The blast of frost hits you! You don't feel cold. Your sky blue potion freezes and shatters! The blast of frost hits you! You don't feel cold. Your magenta potion freezes and shatters! Your swirly potion freezes and shatters! Something bites! (2x) You hit something. Something misses. You hit something. Something misses. Something bites! (2x) You kill it! Something bites! You hit something. Something bites! You attack thin air. You hit something. Something bites! You die... Final status: Farvel Jess the Valkyrie, killed by a winter wolf cub... You died in The Dungeons of Doom on dungeon level 8 with 10317 points, and 293 pieces of gold, after 3870 moves. You were level 6 with a maximum of 59 hit points when you died.